 Dungeon Crawl Stone Soup version 0.25-a0-975-gcae8493d64 (webtiles) character file.

Game seed: 5666897962501640478, levelgen mode: deterministic

11653 Flugslaktarn the Cleaver (level 11, -22/99 HPs)
             Began as a Minotaur Fighter on May 9, 2020.
             Was a Priest of Uskayaw.
             Annihilated by an ice devil (23 damage)
             ... on level 11 of the Dungeon.
             The game lasted 00:05:44 (11903 turns).

Flugslaktarn the Cleaver (Minotaur Fighter)        Turns: 11903, Time: 00:05:44

Health: -22/99     AC: 17    Str: 22    XL:     11   Next: 52%
Magic:  16/22      EV:  6    Int:  5    God:    Uskayaw [***...]
Gold:   555        SH: 12    Dex: 12    Spells: 10/10 levels left

rFire    . . .     SeeInvis .   a - +1 war axe
rCold    . . .     Gourm    .   c - +0 kite shield
rNeg     . . .     Faith    +   f - +0 plate armour
rPois    +         Spirit   .   (helmet restricted)
rElec    .         Reflect  .   d - +0 cloak {+Inv}
rCorr    .         Harm     .   p - +0 pair of gloves
MR       .....                  (no boots)
Stlth    ..........             j - amulet of faith
HPRegen  0.26/turn              m - ring of magical power
MPRegen  0.18/turn              o - ring of poison resistance

@: no status effects
A: retaliatory headbutt, horns 2
a: Stomp, Line Pass, Renounce Religion, Evoke Invisibility


You were on level 11 of the Dungeon.
You worshipped Uskayaw.
Uskayaw was noncommittal.
You were very hungry.

You visited 2 branches of the dungeon, and saw 12 of its levels.

You collected 555 gold pieces.

Inventory:

Hand Weapons
 a - a +1 war axe (weapon)
Missiles
 l - 2 throwing nets (quivered)
Armour
 c - a +0 kite shield (worn)
 d - a +0 cloak of invisibility (worn)
   (You took it off Crazy Yiuf on level 5 of the Dungeon)
 f - a +0 plate armour (worn)
   (You found it on level 1 of the Dungeon)
 p - a +0 pair of gloves (worn)
   (You found it on level 6 of the Dungeon)
Jewellery
 i - an uncursed amulet of guardian spirit
   (You found it on level 8 of the Dungeon)
 j - an amulet of faith (around neck)
   (You found it on level 1 of the Dungeon)
 m - a ring of magical power (left hand)
   (You found it on level 1 of the Dungeon)
 o - a ring of poison resistance (right hand)
   (You found it on level 7 of the Dungeon)
 F - an uncursed ring of flight
   (You took it off a centaur on level 11 of the Dungeon)
Wands
 g - a wand of iceblast (19)
   (You took it off an orc warrior on level 9 of the Dungeon)
 k - a wand of paralysis (8)
   (You found it on level 5 of the Dungeon)
 v - a wand of acid (6)
   (You took it off Maggie on level 8 of the Dungeon)
Scrolls
 r - a scroll of identify
 t - 4 scrolls of teleportation
 x - 6 scrolls of remove curse
 z - a scroll of blinking
 C - a scroll of vulnerability {unknown}
Potions
 b - a potion of lignification
 h - 2 potions of haste
 n - a potion of resistance
 q - 3 potions of curing
 s - a potion of flight {unknown}
 u - a potion of magic
 y - a potion of invisibility {unknown}
 A - 2 potions of mutation {unknown}
 B - a potion of cancellation {unknown}
 D - a potion of brilliance {unknown}
Comestibles
 e - 12 rations


   Skills:
 + Level 9.8 Fighting
 * Level 12.6 Axes
 + Level 9.8 Armour
 + Level 9.7 Shields
 + Level 5.2 Invocations
 + Level 4.7 Evocations


You had 10 spell levels left.
You didn't know any spells.
Your spell library was empty.

Dungeon Overview and Level Annotations

Branches:
Dungeon (11/15)            Temple (1/1) D:7            Lair (0/6) D:11
    Orc (0/2) D:9

Altars:
Ashenzari
Cheibriados
Dithmenos
Elyvilon
Fedhas
Gozag
Hepliaklqana
Kikubaaqudgha
Makhleb
Nemelex Xobeh
Okawaru
Qazlal
Ru
Sif Muna
Trog
Uskayaw
Vehumet
Wu Jian
Xom
Yredelemnul
Zin
The Shining One

Shops:
D:4 *   D:6 [   D:11 [

Portals:
Ice
Cave: D:11


Innate Abilities, Weirdness & Mutations

You reflexively headbutt those who attack you in melee.
You have a pair of horns on your head.


Message History

The ice devil is heavily wounded.
You block the ice devil's attack.
You hit the ice devil. You headbutt the ice devil.
The ice devil is heavily wounded.
The ice devil hits you! The ice devil freezes you!
* * * LOW HITPOINT WARNING * * *
You stomp with the beat, sending a shockwave through the revelers around you!
The ice devil is almost dead.
You feel somewhat more hungry. The ice devil hits you!
* * * LOW HITPOINT WARNING * * *
The ice devil freezes you!
* * * LOW HITPOINT WARNING * * *
Uskayaw will force your foes to share their pain.
You stomp with the beat, sending a shockwave through the revelers around you!
The ice devil is almost dead.
You are feeling very hungry.
The ice devil hits you!
* * * LOW HITPOINT WARNING * * *
The ice devil freezes you!!
You die...

#############
########......#..#..
#..∩..##............
#.....##............
#.....##.<..........
#..4..#######.^.....
#@# #.##..#####
##.## .#......#
#..(# .#......#
#+#'###.#......#
#.=...^.#......#
##......#......## #
###..###<......#
##$###..###....####
..#.......#.......#


You could see an ice devil.

Vanquished Creatures
  A hydra (D:9)
  A manticore (D:11)
  Psyche (D:10)
  Maggie (D:8)
  An ice devil (D:11)
  A hornet (D:9)
  4 slime creatures (D:10)
  2 meliai zombies
  3 hippogriffs
  10 yaks
  A wraith (D:11)
  Grum (D:8)
  A hungry ghost (D:7)
  3 steam dragons (D:9)
  A water moccasin (D:4)
  Duvessa (D:4)
  2 porcupines (D:11)
  3 orc warriors
  9 sky beasts
  A necrophage (D:8)
  3 wolves (D:8)
  3 ogres
  4 crocodiles
  7 centaurs
  A bullfrog (D:10)
  Dowan (D:4)
  A wyvern skeleton (D:10)
  5 scorpions
  A water moccasin skeleton (D:9)
  8 wights
  8 killer bees (D:7)
  3 howler monkeys
  3 bullfrog zombies
  A crimson imp (D:7)
  A quasit (D:9)
  5 jellies
  An orc priest (D:10)
  3 hounds
  6 orc wizards
  2 bullfrog skeletons
  Crazy Yiuf (D:5)
  A centaur skeleton (D:5)
  5 iguanas
  Ijyb (D:4)
  8 worker ants
  3 hound skeletons
  A worker ant zombie (D:6)
  Robin (D:4)
  12 gnolls
  11 adders
  A shadow imp (D:11)
  5 oozes (D:8)
  2 worms
  4 dart slugs
  2 leopard geckos
  32 orcs
  2 giant cockroaches
  8 hobgoblins
  6 jackals
  5 kobolds
  A quokka (D:4)
  A ball python skeleton (D:4)
  5 bats
  6 frilled lizards
  14 goblins
  2 leopard gecko skeletons
  A quokka zombie (D:7)
  5 rats
261 creatures vanquished.

Vanquished Creatures (others)
  13 fungi (D:11)
  7 plants (D:11)
20 creatures vanquished.

Grand Total: 281 creatures vanquished

Notes
Turn   | Place    | Note
-------+----------+-------------------------------------------
     0 | D:1      | Flugslaktarn the Minotaur Fighter began the quest for the
                  | Orb.
     0 | D:1      | Reached XP level 1. HP: 19/19 MP: 0/0
   273 | D:1      | Reached XP level 2. HP: 27/27 MP: 1/1
   462 | D:2      | Reached skill level 3 in Axes
   639 | D:2      | Reached XP level 3. HP: 33/33 MP: 2/2
  1006 | D:2      | Reached XP level 4. HP: 36/40 MP: 3/3
  1175 | D:3      | Reached skill level 4 in Axes
  1185 | D:3      | Reached XP level 5. HP: 30/47 MP: 4/4
  1469 | D:4      | Noticed a water moccasin
  1480 | D:4      | Killed a water moccasin
  1480 | D:4      | Reached skill level 5 in Axes
  1480 | D:4      | Reached XP level 6. HP: 35/55 MP: 5/5
  1736 | D:4      | Noticed Dowan
  1737 | D:4      | Noticed Duvessa
  1749 | D:4      | Killed Duvessa
  1749 | D:4      | Reached skill level 5 in Fighting
  1749 | D:4      | Reached skill level 5 in Armour
  1749 | D:4      | Reached skill level 5 in Shields
  1759 | D:4      | Killed Dowan
  1815 | D:4      | Noticed Ijyb
  1835 | D:4      | Killed Ijyb
  1971 | D:4      | Found Plog's Assorted Antiques.
  1995 | D:4      | Reached skill level 6 in Axes
  1995 | D:4      | Reached XP level 7. HP: 59/61 MP: 6/6
  2017 | D:4      | Noticed Robin
  2023 | D:4      | Killed Robin
  2452 | D:5      | Entered Level 5 of the Dungeon
  2870 | D:5      | Noticed a hippogriff
  2879 | D:5      | Killed a hippogriff
  2879 | D:5      | Reached skill level 7 in Axes
  3258 | D:5      | Reached XP level 8. HP: 68/70 MP: 7/7
  3324 | D:5      | Found a runed translucent door.
  3325 | D:5      | Noticed Crazy Yiuf
  3528 | D:5      | Killed Crazy Yiuf
  3618 | D:6      | Found a sacrificial altar of Ru.
  3831 | D:6      | Found Ycukhlel's Antique Armour Shop.
  4458 | D:6      | Became a worshipper of Ru the Awakened
  4529 | D:7      | Reached skill level 8 in Axes
  5185 | D:7      | Reached skill level 9 in Axes
  5329 | D:7      | Found a staircase to the Ecumenical Temple.
  5344 | D:7      | Reached XP level 9. HP: 62/79 MP: 8/8
  5352 | Temple   | Entered the Ecumenical Temple
  5467 | Temple   | Fell from the grace of Ru
  5467 | Temple   | Became a worshipper of Uskayaw the Reveler
  5593 | D:7      | Reached * piety under Uskayaw
  5667 | D:7      | Reached ** piety under Uskayaw
  5671 | D:7      | Reached *** piety under Uskayaw
  5672 | D:7      | Reached **** piety under Uskayaw
  5883 | D:7      | Reached skill level 1 in Invocations
  5883 | D:7      | Reached skill level 1 in Evocations
  6522 | D:8      | Noticed Maggie
  6538 | D:8      | Killed Maggie
  7098 | D:8      | Reached skill level 10 in Axes
  7256 | D:8      | Found a snail-covered altar of Cheibriados.
  7803 | D:8      | Noticed Grum
  7841 | D:9      | Found a staircase to the Orcish Mines.
  8148 | D:8      | Killed Grum
  8148 | D:8      | Reached XP level 10. HP: 71/88 MP: 11/11
  8484 | D:9      | Noticed a four-headed hydra
  8497 | D:9      | Reached ***** piety under Uskayaw
  8498 | D:9      | Killed an eight-headed hydra
  8743 | D:9      | Reached skill level 11 in Axes
 10168 | D:10     | Entered Level 10 of the Dungeon
 10477 | D:10     | Noticed Psyche
 10492 | D:10     | Reached XP level 11. HP: 60/97 MP: 13/13
 10498 | D:10     | Killed Psyche
 10683 | D:10     | Reached skill level 12 in Axes
 11558 | D:11     | Reached ****** piety under Uskayaw
 11566 | D:11     | Reached skill level 5 in Invocations
 11776 | D:11     | Found a staircase to the Lair.
 11866 | D:11     | Found Ucudyago's Antique Armour Emporium.
 11873 | D:11     | Found a frozen archway.
 11903 | D:11     | HP: 1/99 [ice devil (10)]
 11903 | D:11     | Annihilated by an ice devil

Illustrated notes

Levels and vault maps discovered:
D:1:      minmay_arrival_plants_in_alcoves, layout_basic
D:2:      layout_loops_cross
D:3:      layout_basic, chequers_ecumenical_altar_simple_redux
D:4:      layout_basic, serial_shops, nicolae_shop_trees, grunt_ministairs_13,
          uniq_robin, uniq_ijyb, uniq_duvessa
D:5:      layout_cave_pods, first_ration, uniq_crazy_yiuf_cottage
D:6:      layout_loops_cross, lemuel_crystal_altar, serial_shops, shop
D:7:      layout_basic, minmay_temple_entry_ruins
D:8:      layout_basic, serial_rivers, chequers_serial_rivers_micro_c,
          chequers_serial_rivers_room_b, chequers_serial_rivers_micro_e,
          chequers_serial_rivers_marsh, chequers_serial_rivers_small_b,
          hangedman_little_slice_of_home, lemuel_altar_in_water, uniq_grum,
          uniq_maggie
D:9:      cheibrodos_steamvent, layout_irregular_city, orc_david_3
D:10:     layout_long_grid, uniq_psyche
D:11:     layout_gridville, grunt_lair_entry_orc_guard_hut, serial_shops,
          nicolae_shop_statue_plus, portal_ice_cave_demonic_guard
Temple:   nicolae_temple_the_god_donut

Skill      XL: |  1  2  3  4  5  6  7  8  9 10 11 |
---------------+----------------------------------+-----
Axes           | 3 4 5 6 7 9 10 11 12 | 12.6
Fighting       | 4 5 6 7 8 9 |  9.8
Armour         | 4 5 6 7 8 9 |  9.8
Shields        | 4 5 6 7 8 9 |  9.7
Invocations    | 2 4 5 |  5.2
Evocations     | 2 4 |  4.7

Action                   |  1- 3 |  4- 6 |  7- 9 | 10-12 || total
-------------------------+-------+-------+-------+-------++-------
Melee: War axe           |    80 |    73 |   418 |   274 ||   845
       Headbutt          |    10 |    13 |    86 |    55 ||   164
       Unarmed           |       |    14 |       |       ||    14
Invok: Stomp             |       |       |     1 |     6 ||     7
Evoke: Wand              |       |       |       |     3 ||     3
  Use: Potion            |     3 |       |     3 |     1 ||     7
       Scroll            |       |     7 |     6 |     4 ||    17
 Stab: Paralysed         |       |       |     9 |    27 ||    36
  Eat: Chunk             |       |     4 |    17 |     9 ||    30
       Ration            |       |       |     3 |     1 ||     4
Armor: Plate armour      |    60 |    32 |   226 |   168 ||   486
       Scale mail        |     7 |       |       |       ||     7
       Skin              |       |     2 |       |       ||     2
Dodge: Dodged            |    12 |    17 |    79 |    62 ||   170
Block: Kite shield       |    54 |    23 |   244 |   171 ||   492

Table legend:
 A = Non-vault XP
 B = Vault XP
 C = Vault XP percentage of total XP
 D = Non-vault monster count
 E = Vault monster count
 F = Vault count percentage of total count
                 A         B        C        D         E       F
            +---------+---------+-------+---------+---------+-------
      Total |   13118 |    3530 |  21.2 |     213 |      48 |  18.4
            +---------+---------+-------+---------+---------+-------
        D:1 |      16 |       0 |   0.0 |      11 |       0 |   0.0
        D:2 |     108 |       0 |   0.0 |      28 |       0 |   0.0
        D:3 |     111 |       0 |   0.0 |       9 |       0 |   0.0
        D:4 |     366 |     303 |  45.3 |      17 |      17 |  50.0
        D:5 |     584 |      39 |   6.3 |      18 |       1 |   5.3
        D:6 |     323 |       0 |   0.0 |      11 |       0 |   0.0
        D:7 |    1729 |       3 |   0.2 |      27 |       1 |   3.6
        D:8 |    1019 |    1073 |  51.3 |      22 |      15 |  40.5
        D:9 |    3489 |     849 |  19.6 |      24 |       8 |  25.0
       D:10 |    2465 |     410 |  14.3 |      25 |       1 |   3.8
       D:11 |    2908 |     853 |  22.7 |      21 |       5 |  19.2
            +---------+---------+-------+---------+---------+-------
